 Dungeon Crawl Stone Soup version 0.24-a0-504-gcfb02b9d07 (webtiles) character file.

Game seed: 1921990925365761874

5 Gargoyl the Skirmisher (level 1, -4/19 HPs)
             Began as a Centaur Abyssal Knight on July 17, 2019.
             Was a Follower of Lugonu.
             Slain by a fire bat (5 damage)
             ... on level 1 of the Abyss.
             The game lasted 00:00:42 (263 turns).

Gargoyl the Skirmisher (Centaur Abyssal Knight)      Turns: 263, Time: 00:00:43

Health: -4/19      AC:  4    Str: 14    XL:     1   Next: 66%
Magic:  2/2        EV:  9    Int: 11    God:    Lugonu [*.....]
Gold:   7          SH:  0    Dex:  8    Spells: 0/0 levels left

rFire    . . .     SeeInvis .   a - +1 hand axe
rCold    . . .     Gourm    .   (no shield)
rNeg     . . .     Faith    .   b - +0 leather armour
rPois    .         Spirit   .   (no helmet)
rElec    .         Reflect  .   (no cloak)
rCorr    .         Harm     .   (no gloves)
MR       .....                  (no barding)
Stlth    ..........             (no amulet)
HPRegen  0.06/turn              (no ring)
MPRegen  0.08/turn              (no ring)

@: very quick
A: large, hooves 3, deformed body, speed 2, tough skin 3
a: Depart the Abyss, Renounce Religion


You were on level 1 of the Abyss.
You worshipped Lugonu.
Lugonu was aware of your devotion.
You were not hungry.

You visited 0 branches of the dungeon, and saw 0 of its levels.
You visited the Abyss 1 time.

You collected 7 gold pieces.

Inventory:

Hand Weapons
 a - a +1 hand axe (weapon)
Armour
 b - a +0 leather armour (worn)
Comestibles
 c - a ration


   Skills:
 + Level 3.2 Fighting
 + Level 1.8 Axes
 + Level 1.4 Armour
 + Level 0.6 Dodging
 + Level 2.0 Invocations


You couldn't memorise any spells.
You didn't know any spells.
Your spell library was empty.

Dungeon Overview and Level Annotations

Branches:
Dungeon (0/15)

Altars:


Innate Abilities, Weirdness & Mutations

You have hooves in place of feet.
Armour fits poorly on your strangely shaped body.
You cover ground very quickly.
You have extremely tough skin. (AC +3)


Message History

You see here a scroll labeled VUGOOTW HIOMM.
d - a scroll labeled VUGOOTW HIOMM The fire bat bites you but does no damage.
As you read the scroll labeled VUGOOTW HIOMM, it crumbles to dust.
It is a scroll of identify.
You don't have any unidentified items.
The fire bat closely misses you. The fire bat barely misses you.
Unknown command.
The quasit barely misses you. The quasit claws you.
The quasit closely misses you.
The fire bat bites you but does no damage.
The fire bat bites you.
You are engulfed in flames.
* * * LOW HITPOINT WARNING * * *
Unknown command.
A large abomination comes into view.
The fire bat bites you but does no damage.
The fire bat bites you.
* * * LOW HITPOINT WARNING * * *
You are engulfed in flames.
You die...

#.##.###4#.#.#..#
... #..##..####....
.... ##....#...#..
...# ...
#...##....#### #.#
.#
#..##..#5..#.###.#..
#..##.#...##..# ...
......X..#..##....#.
###.#..##b#...#
#.... #..@..#
#.#..#..##....# .
#..##. .##.#..# #.#.
. .. #.#..( .. .####
..# . ## #.. ##.


You could see a fire bat and a quasit.

Vanquished Creatures
  An ufetubus (Abyss:1)
1 creature vanquished.

Vanquished Creatures (others)
  2 starspawn tentacles (Abyss:1)
2 creatures vanquished.

Grand Total: 3 creatures vanquished

Notes
Turn   | Place    | Note
-------+----------+-------------------------------------------
     0 | Abyss:1  | Gargoyl the Centaur Abyssal Knight began the quest for the
                  | Orb.
     0 | Abyss:1  | Reached XP level 1. HP: 19/19 MP: 2/2
     0 | Abyss:1  | Found a corrupted altar of Lugonu.
   103 | Abyss:1  | Noticed a tentacled starspawn
   231 | Abyss:1  | Noticed an orange demon
   241 | Abyss:1  | Noticed a quasit
   243 | Abyss:1  | Noticed a fire bat
   257 | Abyss:1  | Noticed a large abomination
   263 | Abyss:1  | Slain by a fire bat

Levels and vault maps discovered:
Abyss:1:  evilmike_abyss_exit_8, hangedman_abyss_stitches_cave

Action                   || total
-------------------------++-------
Melee: Hand axe          ||     5
  Use: Scroll            ||     1
Armor: Leather armour    ||     6
Dodge: Dodged            ||    11

Table legend:
 A = Non-vault XP
 B = Vault XP
 C = Vault XP percentage of total XP
 D = Non-vault monster count
 E = Vault monster count
 F = Vault count percentage of total count
                 A         B        C        D         E       F
            +---------+---------+-------+---------+---------+-------
      Total |       8 |       0 |   0.0 |       1 |       0 |   0.0
            +---------+---------+-------+---------+---------+-------
    Abyss:1 |       8 |       0 |   0.0 |       1 |       0 |   0.0
            +---------+---------+-------+---------+---------+-------
